 Dungeon Crawl Stone Soup version 0.31-a0-431-g88bdf31460 (webtiles) character file.

Game seed: 3769447057092807597

2475 Newt the Skirmisher (level 9, -4/54 HPs)
             Began as a Kobold Hunter on July 31, 2023.
             Was an Initiate of Hepliaklqana.
             Slain by an unseen horror (8 damage)
             ... on level 7 of the Dungeon.
             The game lasted 00:06:09 (6749 turns).

Newt the Skirmisher (Kobold Hunter)                 Turns: 6749, Time: 00:06:10

Health: -4/54      AC:  7    Str:  9    XL:     9   Next: 80%
Magic:  18/18      EV: 18    Int: 16    God:    Hepliaklqana [......]
Gold:   212        SH:  0    Dex: 22    Spells: 8/8 levels left

rFire   . . .        a - +1 shortbow (freeze)
rCold   . . .        (shield currently unavailable)
rNeg    . . .        t - +0 steam dragon scales
rPois   .            q - +0 helmet
rElec   .            (no cloak)
rCorr   .            s - +0 pair of gloves
SInv    .            (no boots)
Will    .....        (no amulet)
Stlth   +++          v - +6 ring of intelligence
HPRegen 0.29/turn    w - ring of magical power
MPRegen 0.16/turn

%: no passive effects
@: brilliant
A: small, no large weapons, nightstalker 3
a: Renounce Religion


You were on level 7 of the Dungeon.
You worshipped Hepliaklqana.
Hepliaklqana was noncommittal.
You visited 2 branches of the dungeon, and saw 8 of its levels.

You collected 583 gold pieces.
You spent 371 gold pieces at shops.

Inventory:

Hand Weapons
 a - a +1 shortbow of freezing (weapon)
 o - the +1 sling of the Gnat {drain, rElec rPois Will- Str+3}
   (You bought it in a shop on level 6 of the Dungeon)

   Str:       It affects your strength (+3).
   rElec:     It insulates you from electricity.
   rPois:     It protects you from poison.
   Will:      It decreases your willpower.
Armour
 c - a +0 leather armour
 q - a +0 helmet (worn)
 s - a +0 pair of gloves (worn)
 t - +0 steam dragon scales (worn)
Jewellery
 l - a ring of fire
 v - a +6 ring of intelligence (left hand)
 w - a ring of magical power (right hand)
Wands
 r - a wand of mindburst (4)
 u - a wand of flame (10)
Scrolls
 b - a scroll of butterflies
 n - 2 scrolls of blinking
 x - a scroll of amnesia {unknown}
 y - a scroll of identify
Potions
 d - 3 potions of mutation
 e - a potion of might
 f - 3 potions of lignification
 g - 2 potions of curing
 h - 2 potions of degeneration
 i - a potion of attraction
 j - a potion of invisibility {unknown}
 k - a potion of haste {unknown}
 m - 3 potions of brilliance
 p - 2 potions of heal wounds {unknown}


   Skills:
 - Level 5.0 Fighting
 - Level 14.0 Ranged Weapons
 - Level 5.0 Dodging
 - Level 1.3 Stealth
 + Level 5.7 Evocations


You had 8 spell levels left.
You didn't know any spells.
Your spell library contained the following spells:

 Spells                   Type           Power      Damage    Failure   Level
 Call Canine Familiar     Summ           0%         N/A       58%         3
 Portal Projectile        Hex/Tloc       0%         N/A       58%         3
 Leda's Liquefaction      Hex/Erth       0%         N/A       94%         4


Dungeon Overview and Level Annotations

Branches:
Dungeon (7/15)             Temple (1/1) D:5

Altars:
Ashenzari
Dithmenos
Elyvilon
Fedhas
Gozag
Hepliaklqana
Makhleb
Nemelex Xobeh
Okawaru
Qazlal
Ru
Sif Muna
Trog
Uskayaw
Vehumet
Wu Jian
Yredelemnul
Zin
The Shining One

Shops:
D:6 *!((

Annotations:
D:6 1 runed translucent door


Innate Abilities, Weirdness & Mutations

You are small and have problems with some larger weapons.
You are completely attuned to the shadows.


Message History

Unknown command.
No target in view!
No target in view!
You shoot an arrow. Something barely misses you.
You shoot an arrow. Something hits you.
You shoot an arrow. Something hits you.
You shoot an arrow. Something hits you.
You shoot an arrow. Something hits you but does no damage.
You shoot an arrow. Something hits you!
You shoot an arrow. Something hits you but does no damage.
You shoot an arrow. Something closely misses you.
Something completely misses you. Something barely misses you.
Something hits you! Something hits you. Something hits you.
Something barely misses you. Something hits you.
Something hits you but does no damage.
You are too injured to fight recklessly!
You are too injured to fight recklessly!
You are too injured to fight recklessly!
You are too injured to fight recklessly!
You shoot an arrow. Something hits you!
* * * LOW HITPOINT WARNING * * *
Something closely misses you.
You shoot an arrow. Something hits you but does no damage.
You shoot an arrow. Something closely misses you. Something barely misses you.
You shoot an arrow.
You hear a shout!
Something hits you but does no damage.
Fire: a) +1 shortbow (freeze)
Press: ? - help, Shift-Dir - straight line You shoot an arrow.
Something hits you!
* * * LOW HITPOINT WARNING * * *
Unknown command.
Unknown command.
It was a potion of brilliance.
You feel clever all of a sudden. Something hits you!
You die...

.......# .......#
.......# .)..>..#
#.........#
.<.....#
#.......o.#
).)...##
#......o..####
.......#
#.....o......#
.......#
##.##..........
.......#
#..@{.........#
.......#
####.)###.........
.......# ##...).#
#####...#. ......#
#....### #..##.
.....#####.†###
####.....
##.........##
#....#...
...##.###.##
#........ #..##.#
#.# #..<....#
#.###.# ..#
#.......W


You could see an orc.

Vanquished Creatures
  Maggie (D:6)
  Sigmund (D:6)
  Eustachio (D:4)
  2 yaks (D:6)
  Edmund (D:5)
  2 water moccasins
  2 ice beasts
  A sky beast (D:6)
  A black bear (D:5)
  2 ogres
  A phantom (D:4)
  A kobold brigand (D:4)
  A bullfrog (D:7)
  A gnoll sergeant (D:6)
  2 hounds (D:5)
  An orc priest (D:6)
  An iguana (D:6)
  Ijyb (D:4)
  5 orc wizards
  4 gnolls
  9 adders
  A shadow imp (D:7)
  2 ufetubi
  2 worms
  3 dart slugs
  13 orcs
  3 ball pythons
  2 endoplasms (D:2)
  2 giant cockroaches
  5 hobgoblins
  3 quokkas
  5 bats
  4 frilled lizards
  6 goblins
  8 kobolds
  9 rats
109 creatures vanquished.

Notes
Turn   | Place    | Note
-------+----------+-------------------------------------------
     0 | D:1      | Newt the Kobold Hunter began the quest for the Orb.
     0 | D:1      | Reached XP level 1. HP: 12/12 MP: 1/1
   174 | D:1      | Reached XP level 2. HP: 18/18 MP: 2/2
   650 | D:2      | Reached XP level 3. HP: 14/23 MP: 3/3
  1030 | D:2      | Reached XP level 4. HP: 30/30 MP: 4/4
  2034 | D:3      | Found a sacrificial altar of Ru.
  2383 | D:4      | Noticed Eustachio
  2392 | D:4      | Killed Eustachio
  2393 | D:4      | Reached skill level 5 in Fighting
  2393 | D:4      | Reached skill level 7 in Ranged Weapons
  2393 | D:4      | Reached XP level 5. HP: 25/35 MP: 5/5
  2393 | D:4      | Reached XP level 6. HP: 29/40 MP: 6/6
  2516 | D:4      | Noticed Ijyb
  2523 | D:4      | Killed Ijyb
  2905 | D:4      | Reached skill level 8 in Ranged Weapons
  3077 | D:4      | Reached skill level 9 in Ranged Weapons
  3077 | D:4      | Reached XP level 7. HP: 31/44 MP: 7/7
  3372 | D:5      | Entered Level 5 of the Dungeon
  3457 | D:5      | Reached skill level 10 in Ranged Weapons
  3548 | D:5      | Reached XP level 8. HP: 15/49 MP: 8/8
  3822 | D:5      | Found a staircase to the Ecumenical Temple.
  3937 | Temple   | Entered the Ecumenical Temple
  3979 | D:5      | Reached skill level 5 in Dodging
  4226 | D:5      | Noticed Edmund
  4244 | D:5      | Killed Edmund
  4245 | D:5      | Reached skill level 11 in Ranged Weapons
  4500 | D:6      | Found an iron altar of Okawaru.
  4818 | D:6      | Found Ydas Kog's Weapon Shoppe.
  4819 | D:6      | Found Upna's Assorted Antiques.
  4820 | D:6      | Found Tejisuc's Antique Weapon Shoppe.
  4824 | D:6      | Found Fuoz's Distillery.
  4826 | D:6      | Bought an ancient sling for 221 gold pieces
  4826 | D:6      | Identified the +1 sling of the Gnat {drain, rElec rPois
                  | Will- Str+3} (You bought it in a shop on level 6 of the
                  | Dungeon)
  4834 | D:6      | Bought a scroll labelled QELUANYA KEFA for 25 gold pieces
  4834 | D:6      | Bought a knobbly glass ring for 125 gold pieces
  4940 | D:6      | Noticed Maggie
  4955 | D:6      | Reached skill level 12 in Ranged Weapons
  4972 | D:6      | Killed Maggie
  4973 | D:6      | Reached skill level 13 in Ranged Weapons
  4973 | D:6      | Reached XP level 9. HP: 23/54 MP: 9/9
  5632 | D:6      | Found a hazy altar of Hepliaklqana.
  5888 | D:6      | Became a worshipper of Hepliaklqana the Forgotten
  6016 | D:6      | Found a runed translucent door.
  6104 | D:6      | Noticed Sigmund
  6110 | D:6      | Killed Sigmund
  6111 | D:6      | Reached skill level 14 in Ranged Weapons
  6406 | D:7      | Noticed a brown ugly thing
  6510 | D:6      | Reached skill level 5 in Evocations
  6749 | D:7      | Slain by an unseen horror

Illustrated notes

Levels and vault maps discovered:
D:1:      lemuel_arrival_cross, layout_basic
D:2:      layout_loops_ring, mrwooster_statue_mirror, minivault_26
D:3:      layout_basic, mainiacjoe_overflow_alcove_1
D:4:      layout_loops_corners, uniq_eustachio, uniq_ijyb
D:5:      layout_loops_ring, minmay_temple_entry_statues_pillars, uniq_edmund
D:6:      layout_loops_ring, mainiacjoe_overflow_tiny_flanked,
          nicolae_hepliaklqana_hippocampus, ebering_ghost_reflecting_pool,
          serial_co_window_serial, co_window_corner_a, co_window_paths_a,
          co_window_of_opportunity_a, co_window_corner_a, co_window_paths_b,
          co_window_2corner, co_window_corner_ca, co_window_cross_4,
          co_window_corner_ca, glass_columns_a, glass_columns_a,
          glass_columns_a, glass_columns_b, minmay_shop_grid_forest,
          uniq_sigmund, uniq_maggie
D:7:      layout_rooms, minmay_manual_moon
Temple:   nicolae_temple_elliptical

Skill      XL: |  1  2  3  4  5  6  7  8  9 |
---------------+----------------------------+-----
Fighting       | 3 4 5 |  5.0
Ranged Weapons | 7 9 10 13 14 | 14.0
Dodging        | 4 5 |  5.0
Evocations     | 5 |  5.7
Stealth        | |  1.3

Action                     |  1- 3 |  4- 6 |  7- 9 || total
---------------------------+-------+-------+-------++-------
   Fire: Shortbow          |    65 |    74 |   248 ||   387
  Evoke: Wand              |       |       |     1 ||     1
    Use: Scroll            |     6 |     2 |     7 ||    15
         Potion            |       |     1 |     3 ||     4
 Armour: Leather armour    |     3 |     7 |     7 ||    17
         Skin              |       |       |     4 ||     4
         Steam dragon scal |       |       |    19 ||    19
  Dodge: Dodged            |    13 |    15 |   105 ||   133

Table legend: (Time is in decaauts)
 A = Elapsed time spent in this place.
 B = Non-inter-level travel time spent in this place.
 C = Inter-level travel time spent in this place.
 D = Time resting spent in this place.
 E = Time spent auto-exploring this place.
 F = Levels seen in this place.
 G = Mean time per level.
                   A        B        C        D        E       F      G
               +--------+--------+--------+--------+--------+-----+--------+
         Total |   6724 |   6380 |    344 |   1079 |   4639 |   8 |  840.5 |
       Dungeon |   6723 |   6381 |    342 |   1079 |   4639 |   7 |  960.4 |
        Temple |      1 |      0 |      1 |      0 |      0 |   1 |    1.0 |
               +--------+--------+--------+--------+--------+-----+--------+

Top non-repeatable levels by time:
     D:6: 2065 daAuts
     D:4: 1180 daAuts
     D:5: 1120 daAuts
     D:2: 852 daAuts
     D:3: 718 daAuts
     D:1: 641 daAuts
     D:7: 144 daAuts
  Temple: 1 daAuts
